3A
DELAWARE 1787 BC @ IDAHO FALLS CHUKARS
07/18/2027
 
TOP OF THE 1ST
Delaware 1787 BC batting - Pitching for Idaho Falls Chukars : LHP Dale Hamilton
Pitching: LHP Dale Hamilton
Batting: LHB Juan Ledezma 0-0: Ball
1-0: Swinging Strike
1-1: Ball
2-1: Swinging Strike
2-2: Strikes out looking
Batting: LHB Donovan Inman 0-0: Foul Ball, location: 2F
0-1: Called Strike
0-2: Ball
1-2: Strikes out swinging
Batting: RHB David Wooderson 0-0: Called Strike
0-1: Foul Ball, location: 2F
0-2: Ball
1-2: Ground out 4-3 (Groundball, 4M)
Top of the 1st over - 0 run(s), 0 hit(s), 0 error(s), 0 left on base; Delaware 0 - Idaho Falls 0
BOTTOM OF THE 1ST
Idaho Falls Chukars batting - Pitching for Delaware 1787 BC : RHP Pedro Reynoso
Pitching: RHP Pedro Reynoso
Batting: SHB José López 0-0: Ball
1-0: Ball
2-0: Swinging Strike
2-1: Swinging Strike
2-2: Strikes out looking
Batting: RHB Alexandre Keeping 0-0: Called Strike
0-1: Ball
1-1: Ball
2-1: Foul Ball, location: 2F
2-2: Foul Ball, location: 2F
2-2: Ball
3-2: Base on Balls
Batting: SHB Félix Medina 0-0: Called Strike
0-1: Ball
1-1: Reached on error, E6 (Groundball, 6S)
Alexandre Keeping to second
Batting: RHB Scott Ramsey 0-0: Called Strike
0-1: Foul Ball, location: 2F
0-2: Strikes out swinging
Batting: SHB Jorge Colón 0-0: Swinging Strike
0-1: Swinging Strike
0-2: Strikes out swinging
Bottom of the 1st over - 0 run(s), 0 hit(s), 1 error(s), 2 left on base; Delaware 0 - Idaho Falls 0
TOP OF THE 2ND
Delaware 1787 BC batting - Pitching for Idaho Falls Chukars : LHP Dale Hamilton
Batting: RHB Phil Moore 0-0: Called Strike
0-1: Foul Ball, location: 2F
0-2: Foul Ball, location: 2F
0-2: DOUBLE (Groundball, 5L)
Batting: RHB Randy Sheffield 0-0: Ball
1-0: Ball
2-0: Swinging Strike
2-1: SINGLE (Line Drive, 6MD)
Phil Moore to third
Batting: RHB John Willoughby 0-0: Swinging Strike
0-1: Ball
1-1: Ball
2-1: Swinging Strike
2-2: Strikes out swinging
Batting: LHB Chase Popoff 0-0: Ball
1-0: Ball
2-0: Ball
3-0: Called Strike
3-1: Swinging Strike
3-2: Strikes out swinging
Batting: RHB Eddie McDoom 0-0: Ball
1-0: Ball
2-0: Called Strike
2-1: Called Strike
2-2: Strikes out swinging
Top of the 2nd over - 0 run(s), 2 hit(s), 0 error(s), 2 left on base; Delaware 0 - Idaho Falls 0
BOTTOM OF THE 2ND
Idaho Falls Chukars batting - Pitching for Delaware 1787 BC : RHP Pedro Reynoso
Batting: RHB León Preciado 0-0: Ball
1-0: Called Strike
1-1: Foul Ball, location: 2F
1-2: Strikes out looking
Batting: SHB Shiki Sanu 0-0: Ball
1-0: SINGLE (Groundball, 5D)
Batting: LHB Jérôme Masson 0-0: Ball
1-0: Called Strike
1-1: Foul Ball, location: 2F
1-2: Ball
2-2: Ball
Shiki Sanu is caught stealing 2nd base
3-2: Strikes out swinging
Bottom of the 2nd over - 0 run(s), 1 hit(s), 0 error(s), 0 left on base; Delaware 0 - Idaho Falls 0
TOP OF THE 3RD
Delaware 1787 BC batting - Pitching for Idaho Falls Chukars : LHP Dale Hamilton
Batting: RHB Toyozo Yamasaki 0-0: Ball
1-0: Called Strike
1-1: Swinging Strike
1-2: Foul Ball, location: 2F
1-2: Foul Ball, location: 2F
1-2: Strikes out swinging
Batting: LHB Juan Ledezma 0-0: Foul Ball, location: 2F
0-1: Ball
1-1: Ball
2-1: Foul Ball, location: 2F
2-2: Foul Ball, location: 2F
2-2: Foul Ball, location: 2F
2-2: Foul Ball, location: 2F
2-2: Strikes out swinging
Batting: LHB Donovan Inman 0-0: Called Strike
0-1: Swinging Strike
0-2: Strikes out looking
Top of the 3rd over - 0 run(s), 0 hit(s), 0 error(s), 0 left on base; Delaware 0 - Idaho Falls 0
BOTTOM OF THE 3RD
Idaho Falls Chukars batting - Pitching for Delaware 1787 BC : RHP Pedro Reynoso
Batting: SHB Jesús Román 0-0: Called Strike
0-1: Hit by Pitch
Batting: SHB José López 0-0: Called Strike
0-1: Ball
1-1: Ball
2-1: Swinging Strike
2-2: Strikes out swinging
Jesús Román steals 2nd base
Batter strikes out.
Batting: RHB Alexandre Keeping 0-0: Called Strike
0-1: Foul Ball, location: 2F
0-2: Fly out, F8 (Flyball, 78M)
Batting: SHB Félix Medina 0-0: Ball
1-0: Called Strike
1-1: Called Strike
1-2: Ball
2-2: Ball
3-2: DOUBLE (Line Drive, 89XD)
Jesús Román scores
Batting: RHB Scott Ramsey 0-0: Foul Ball, location: 2F
0-1: Fly out, F5 (Line Drive, 56)
Bottom of the 3rd over - 1 run(s), 1 hit(s), 0 error(s), 1 left on base; Delaware 0 - Idaho Falls 1
TOP OF THE 4TH
Delaware 1787 BC batting - Pitching for Idaho Falls Chukars : LHP Dale Hamilton
Batting: RHB David Wooderson 0-0: Ball
1-0: Foul Ball, location: 2F
1-1: Foul Ball, location: 2F
1-2: Ball
2-2: Strikes out looking
Batting: RHB Phil Moore 0-0: Ball
1-0: Ball
2-0: SOLO HOME RUN (Flyball, 78XD), Distance : 432 ft
Batting: RHB Randy Sheffield 0-0: Ball
1-0: Ball
2-0: SINGLE (Groundball, 6MD)
Batting: RHB John Willoughby 0-0: Ball
1-0: Swinging Strike
1-1: Foul Ball, location: 2F
1-2: Strikes out swinging
Batting: LHB Chase Popoff 0-0: Ball
1-0: Called Strike
1-1: Foul Ball, location: 2F
1-2: Strikes out swinging
Top of the 4th over - 1 run(s), 2 hit(s), 0 error(s), 1 left on base; Delaware 1 - Idaho Falls 1
BOTTOM OF THE 4TH
Idaho Falls Chukars batting - Pitching for Delaware 1787 BC : RHP Pedro Reynoso
Batting: SHB Jorge Colón 0-0: Ball
1-0: Foul Ball, location: 2F
1-1: Ball
2-1: Ball
3-1: Swinging Strike
3-2: Fly out, F7 (Flyball, 7S)
Batting: RHB León Preciado 0-0: Ground out 5-3 (Groundball, 56)
Batting: SHB Shiki Sanu 0-0: Ball
1-0: Ball
2-0: Foul Ball, location: 2F
2-1: Called Strike
2-2: Ball
3-2: Foul Ball, location: 2F
3-2: Base on Balls
Batting: LHB Jérôme Masson 0-0: Swinging Strike
0-1: Ball
1-1: Called Strike
1-2: Strikes out looking
Bottom of the 4th over - 0 run(s), 0 hit(s), 0 error(s), 1 left on base; Delaware 1 - Idaho Falls 1
TOP OF THE 5TH
Delaware 1787 BC batting - Pitching for Idaho Falls Chukars : LHP Dale Hamilton
Batting: RHB Eddie McDoom 0-0: Called Strike
0-1: Ball
1-1: Foul Ball, location: 2F
1-2: Foul Ball, location: 2F
1-2: Strikes out swinging
Batting: RHB Toyozo Yamasaki 0-0: Foul Ball, location: 2F
0-1: Ball
1-1: Fly out, F8 (Flyball, 8RD)
Batting: LHB Juan Ledezma 0-0: Foul Ball, location: 2F
0-1: Called Strike
0-2: Ground out 3-1 (Groundball, 3S)
Top of the 5th over - 0 run(s), 0 hit(s), 0 error(s), 0 left on base; Delaware 1 - Idaho Falls 1
BOTTOM OF THE 5TH
Idaho Falls Chukars batting - Pitching for Delaware 1787 BC : RHP Pedro Reynoso
Batting: SHB Jesús Román 0-0: Ball
1-0: Called Strike
1-1: Bunt missed!
1-2: Ground out 4-3 (Groundball, 4)
Batting: SHB José López 0-0: Called Strike
0-1: SINGLE (Flyball, 7S)
Batting: RHB Alexandre Keeping 0-0: Ball
1-0: Foul Ball, location: 2F
1-1: Foul Ball, location: 2F
1-2: Ball
2-2: Strikes out swinging
Batting: SHB Félix Medina 0-0: Called Strike
José López steals 2nd base
0-1: SINGLE (Line Drive, 56)
José López to third
Runner from 3rd tries for Home, SAFE, no throw
Batting: RHB Scott Ramsey 0-0: Ball
1-0: Swinging Strike
1-1: Ball
2-1: SINGLE (Flyball, 7S)
Félix Medina to second
Batting: SHB Jorge Colón 0-0: Foul Ball, location: 2F
0-1: Swinging Strike
0-2: Ball
1-2: Foul Ball, location: 2F
1-2: Fly out, F8 (Flyball, 78M)
Bottom of the 5th over - 1 run(s), 3 hit(s), 0 error(s), 2 left on base; Delaware 1 - Idaho Falls 2
TOP OF THE 6TH
Delaware 1787 BC batting - Pitching for Idaho Falls Chukars : LHP Dale Hamilton
Batting: LHB Donovan Inman 0-0: Called Strike
0-1: Ball
1-1: Foul Ball, location: 2F
1-2: Strikes out swinging
Batting: RHB David Wooderson 0-0: Called Strike
0-1: Ball
1-1: Foul Ball, location: 2F
1-2: Strikes out swinging
Batting: RHB Phil Moore 0-0: Called Strike
0-1: Ball
1-1: Foul Ball, location: 2F
1-2: Strikes out looking
Top of the 6th over - 0 run(s), 0 hit(s), 0 error(s), 0 left on base; Delaware 1 - Idaho Falls 2
BOTTOM OF THE 6TH
Idaho Falls Chukars batting - Pitching for Delaware 1787 BC : RHP Pedro Reynoso
Batting: RHB León Preciado 0-0: Ball
1-0: Called Strike
1-1: Swinging Strike
1-2: Foul Ball, location: 2F
1-2: Ball
2-2: Foul Ball, location: 2F
2-2: Ground out 6-3 (Groundball, 6)
Batting: SHB Shiki Sanu 0-0: Foul Ball, location: 2F
0-1: Ball
1-1: Called Strike
1-2: Foul Ball, location: 2F
1-2: Ball
2-2: Ball
3-2: DOUBLE (Line Drive, 7LS)
Batting: LHB Jérôme Masson 0-0: Ball
1-0: Called Strike
1-1: Ball
2-1: Ball
3-1: Base on Balls
Pitching: RHP Ismael García
Batting: SHB Jesús Román 0-0: Ball
1-0: Fielders Choice at 2nd, 3-6 (Groundball, 34)
Shiki Sanu to third
Batting: SHB José López 0-0: Ball
1-0: Ball
2-0: Called Strike
2-1: Foul Ball, location: 2F
2-2: Ball
3-2: Base on Balls
Jesús Román to second
Batting: RHB Alexandre Keeping 0-0: Called Strike
0-1: Ball
1-1: Foul Ball, location: 2F
1-2: SINGLE (Line Drive, 56D)
Shiki Sanu scores
Jesús Román to third
José López to second
Runner from 3rd tries for Home, SAFE, no throw
Batting: SHB Félix Medina 0-0: Ball
1-0: Swinging Strike
1-1: Foul Ball, location: 2F
1-2: Ball
2-2: Foul Ball, location: 2F
2-2: Foul Ball, location: 2F
2-2: Strikes out swinging
Bottom of the 6th over - 2 run(s), 2 hit(s), 0 error(s), 2 left on base; Delaware 1 - Idaho Falls 4
TOP OF THE 7TH
Delaware 1787 BC batting - Pitching for Idaho Falls Chukars : LHP Dale Hamilton
Pitching: LHP Vicente Romero
Batting: RHB Randy Sheffield 0-0: Ball
1-0: Foul Ball, location: 2F
1-1: Ball
2-1: Fly out, F7 (Line Drive, 7)
Batting: RHB John Willoughby 0-0: Swinging Strike
0-1: Foul Ball, location: 2F
0-2: Ball
1-2: SINGLE (Groundball, 6MD)
Batting: LHB Chase Popoff 0-0: Called Strike
0-1: Ball
1-1: Ball
2-1: Foul Ball, location: 2F
2-2: Ground out U3 (Groundball, 3L)
John Willoughby to second
Batting: RHB Eddie McDoom 0-0: Called Strike
0-1: Foul Ball, location: 2F
0-2: Ball
1-2: Ball
2-2: Strikes out swinging
Top of the 7th over - 0 run(s), 1 hit(s), 0 error(s), 1 left on base; Delaware 1 - Idaho Falls 4
BOTTOM OF THE 7TH
Idaho Falls Chukars batting - Pitching for Delaware 1787 BC : RHP Ismael García
Batting: RHB Scott Ramsey 0-0: Called Strike
0-1: SINGLE (Groundball, 56D)
Batting: SHB Jorge Colón 0-0: Foul Ball, location: 2F
0-1: Foul Ball, location: 2F
0-2: Fly out, F8 (Flyball, 8LM)
Batting: RHB León Preciado 0-0: Ball
1-0: Foul Ball, location: 2F
1-1: Ball
2-1: SINGLE (Groundball, 6MD)
Scott Ramsey to second
Batting: SHB Shiki Sanu 0-0: Foul Ball, location: 2F
0-1: Ball
1-1: Ball
2-1: Foul Ball, location: 2F
2-2: Strikes out swinging
Batting: LHB Jérôme Masson 0-0: Fielders Choice at 2nd, 4-6 (Groundball, 4)
Bottom of the 7th over - 0 run(s), 2 hit(s), 0 error(s), 1 left on base; Delaware 1 - Idaho Falls 4
TOP OF THE 8TH
Delaware 1787 BC batting - Pitching for Idaho Falls Chukars : LHP Vicente Romero
Batting: RHB Toyozo Yamasaki 0-0: Ground out 6-3 (Groundball, 56)
Batting: LHB Juan Ledezma 0-0: Called Strike
0-1: Swinging Strike
0-2: Ball
1-2: Foul Ball, location: 2F
1-2: Ball
2-2: Ball
3-2: Ground out 6-3 (Groundball, 6)
Batting: LHB Donovan Inman 0-0: Ball
1-0: SINGLE (Line Drive, 6)
Pitching: RHP Shotaro Sugahara
Batting: RHB David Wooderson 0-0: Ball
1-0: Swinging Strike
Passed Ball!
Donovan Inman to second
1-1: Called Strike
1-2: Ground out 5-3 (Groundball, 56S)
Top of the 8th over - 0 run(s), 1 hit(s), 0 error(s), 1 left on base; Delaware 1 - Idaho Falls 4
BOTTOM OF THE 8TH
Idaho Falls Chukars batting - Pitching for Delaware 1787 BC : RHP Ismael García
Batting: SHB Jesús Román 0-0: Fly out, F8 (Line Drive, 8RM)
Batting: SHB José López 0-0: Called Strike
0-1: Foul Ball, location: 2F
0-2: Ground out U3 (Groundball, 3)
Batting: RHB Alexandre Keeping 0-0: Called Strike
0-1: Ball
1-1: Ball
2-1: Ground out 6-3 (Groundball, 6)
Bottom of the 8th over - 0 run(s), 0 hit(s), 0 error(s), 0 left on base; Delaware 1 - Idaho Falls 4
TOP OF THE 9TH
Delaware 1787 BC batting - Pitching for Idaho Falls Chukars : RHP Shotaro Sugahara
Pitching: RHP Claudio Palma
Batting: RHB Phil Moore 0-0: Ball
1-0: Ball
2-0: Foul Ball, location: 2F
2-1: Ball
3-1: Foul Ball, location: 2F
3-2: Foul Ball, location: 2F
3-2: Strikes out looking
Batting: RHB Randy Sheffield 0-0: Ball
1-0: Swinging Strike
1-1: Foul Ball, location: 2F
1-2: Strikes out swinging
Batting: RHB John Willoughby 0-0: Foul Ball, location: 2F
0-1: Ground out 5-3 (Groundball, 5L)
Top of the 9th over - 0 run(s), 0 hit(s), 0 error(s), 0 left on base; Delaware 1 - Idaho Falls 4
Saturday, May 26th, 2018 - OOTP Baseball 17.12 Build 75